 Dungeon Crawl Stone Soup version 0.27.0-1-g7a089689b8 (webtiles) character file.

Game seed: 12064250628771470867

196 MrDassem the Chopper (level 5, -8/48 HPs)
             Began as a Minotaur Fighter on Aug 14, 2021.
             Mangled by an ogre (11 damage)
             ... on level 3 of the Dungeon.
             The game lasted 00:04:02 (1755 turns).

MrDassem the Chopper (Minotaur Fighter)             Turns: 1755, Time: 00:04:03

Health: -8/48      AC: 10    Str: 21    XL:     5   Next: 46%
Magic:  4/4        EV:  5    Int:  5    God:
Gold:   89         SH:  9    Dex: 10    Spells: 4/4 levels left

rFire    . . .     SeeInvis .   a - +0 war axe
rCold    . . .     Faith    .   c - +0 kite shield
rNeg     . . .     Spirit   .   j - +0 chain mail
rPois    .         Reflect  .   (helmet restricted)
rElec    .         Harm     .   (no cloak)
rCorr    .         Rampage  .   (no gloves)
Will     .....                  n - +0 pair of boots
Stlth    ..........             (no amulet)
HPRegen  0.16/turn              (no ring)
MPRegen  0.09/turn              (no ring)

@: no status effects
A: horns 2, retaliatory headbutt
a: no special abilities


You were on level 3 of the Dungeon.
You visited 1 branch of the dungeon, and saw 3 of its levels.

You collected 89 gold pieces.

Inventory:

Hand Weapons
 a - a +0 war axe (weapon)
Armour
 c - a +0 kite shield (worn)
 j - a +0 chain mail (worn)
 n - a +0 pair of boots (worn)
Scrolls
 b - a scroll of magic mapping {unknown}
 h - 2 scrolls of teleportation {unknown}
 i - a scroll of enchant armour {unknown}
 k - 2 scrolls of identify {unknown}
 l - a scroll of enchant weapon {unknown}
Potions
 d - a potion of might
 e - a potion of magic {unknown}
 f - a potion of invisibility {unknown}
 g - 2 potions of heal wounds {unknown}
 m - a potion of curing {unknown}


   Skills:
 + Level 5.2 Fighting
 * Level 5.9 Axes
 - Level 3.6 Armour
 - Level 3.6 Shields


You had 4 spell levels left.
You didn't know any spells.
Your spell library was empty.

Dungeon Overview and Level Annotations

Branches:
Dungeon (3/15)

Altars:
Dithmenos
Fedhas
Makhleb
Okawaru
Trog
Zin

Shops:
D:3 [


Innate Abilities, Weirdness & Mutations

You have a pair of horns on your head.
You reflexively headbutt those who attack you in melee.


Message History

You see here a +0 ring mail.
An ogre comes into view. It is wielding a +0 giant club.
The ogre shouts!
Found a blossoming altar of Fedhas and a glowing silver altar of Zin.
Found a shadowy altar of Dithmenos.
There is an open door here.
You hit the ogre but do no damage. You headbutt the ogre!
The ogre is moderately wounded.
The ogre hits you with a +0 giant club!
You hit the ogre.
The ogre is heavily wounded.
The ogre hits you with a +0 giant club!
You hit the ogre. Your headbutt misses the ogre.
The ogre is heavily wounded.
The ogre hits you with a +0 giant club!!
* * * LOW HITPOINT WARNING * * *
You are too injured to fight recklessly!
You are too injured to fight recklessly!
You are too injured to fight recklessly!
You are too injured to fight recklessly!
You are too injured to fight recklessly!
You are too injured to fight recklessly!
You are too injured to fight recklessly!
You are too injured to fight recklessly!
You are too injured to fight recklessly!
You are too injured to fight recklessly!
You are too injured to fight recklessly!
You are too injured to fight recklessly!
You are too injured to fight recklessly!
You hit the ogre.
The ogre is heavily wounded.
The ogre hits you with a +0 giant club!
* * * LOW HITPOINT WARNING * * *
You hit the ogre but do no damage. Your headbutt misses the ogre.
The ogre is heavily wounded.
The ogre barely misses you. You furiously retaliate!
You headbutt the ogre! You barely miss the ogre.
The ogre is almost dead.
The ogre hits you with a +0 giant club!
You die...

#########
##.......##
##...####..##
##.[#### ##..#
##..###8#####.#
#..##≈≈_#...#.#
#.##§§..##....#
##.#≈≈...####..#
#..@O..._8# ##.###
#..#≈≈..§####....#
#..##§§§.##......#
#..[ #≈§§#...#...#
#.#.. ##8#####...#
#. #..## #
##....### #.
.....####........
## #............##
###...........#


You could see an ogre.

Vanquished Creatures
  A sky beast (D:3)
  A gnoll (D:1)
  2 adders
  2 dart slugs (D:1)
  An orc (D:3)
  10 endoplasms
  4 giant cockroaches
  4 goblins
  9 hobgoblins
  3 jackals (D:2)
  7 kobolds
  3 quokkas
  4 ball pythons
  5 bats
  3 frilled lizards
  3 rats
62 creatures vanquished.

Notes
Turn   | Place    | Note
-------+----------+-------------------------------------------
     0 | D:1      | MrDassem the Minotaur Fighter began the quest for the Orb.
     0 | D:1      | Reached XP level 1. HP: 19/19 MP: 0/0
   225 | D:1      | Reached XP level 2. HP: 27/27 MP: 1/1
   442 | D:1      | Reached XP level 3. HP: 10/33 MP: 2/2
   716 | D:1      | Found a faded altar of an unknown god.
   937 | D:2      | Found an iron altar of Okawaru.
  1140 | D:2      | Reached XP level 4. HP: 41/41 MP: 3/3
  1431 | D:3      | Found a burning altar of Makhleb.
  1431 | D:3      | Found Axzyl's Armour Shop.
  1445 | D:3      | Found a bloodstained altar of Trog.
  1470 | D:3      | Reached skill level 5 in Axes
  1477 | D:3      | Noticed a sky beast
  1486 | D:3      | Killed a sky beast
  1487 | D:3      | Reached skill level 5 in Fighting
  1487 | D:3      | Reached XP level 5. HP: 48/48 MP: 4/4
  1748 | D:3      | Found a blossoming altar of Fedhas.
  1748 | D:3      | Noticed an ogre
  1748 | D:3      | Found a glowing silver altar of Zin.
  1749 | D:3      | Found a shadowy altar of Dithmenos.
  1755 | D:3      | Mangled by an ogre

Illustrated notes

Levels and vault maps discovered:
D:1:      saegor_arrival_simple_e, layout_rooms,
          shapermc_ecumenical_altar_pompeii, minmay_small_reverse_x
D:2:      layout_loops_cross, basic_altar, minivault_24
D:3:      layout_rooms, bloody_makhleb, mainiacjoe_overflow_tiny_flanked,
          gammafunk_temple_overflow_claw, serial_shops, shop

Skill      XL: |  1  2  3  4 |
---------------+-------------+-----
Axes           | 3 4 5 |  5.9
Fighting       | 4 5 |  5.2
Armour         | |  3.6
Shields        | |  3.6

Action                   |  1- 3 |  4- 6 || total
-------------------------+-------+-------++-------
Melee: War axe           |    80 |    57 ||   137
       Headbutt          |     7 |     5 ||    12
Armor: Scale mail        |    31 |       ||    31
       Chain mail        |    15 |    18 ||    33
Dodge: Dodged            |    26 |    18 ||    44
Block: Kite shield       |    49 |    22 ||    71
